 Dungeon Crawl Stone Soup version 0.28-a0-317-g21599a725c (webtiles) character file.

Game seed: 4578907047655418754

98 McIrco the Ducker (level 5, -1/31 HPs)
             Began as a Kobold Warper on Sept 1, 2021.
             Slain by Natasha (8 damage)
             ... on level 2 of the Dungeon.
             The game lasted 00:03:18 (2699 turns).

McIrco the Ducker (Kobold Warper)                   Turns: 2699, Time: 00:03:18

Health: -1/31      AC:  4    Str:  8    XL:     5   Next: 1%
Magic:  8/8        EV: 14    Int: 15    God:
Gold:   68         SH:  0    Dex: 15    Spells: 6/8 levels left

rFire   . . .      SeeInvis .   a - +0 short sword
rCold   . . .      Faith    .   (shield restricted)
rNeg    . . .      Spirit   .   b - +0 leather armour
rPois   .          Reflect  .   (no helmet)
rElec   .          Harm     .   (no cloak)
rCorr   .          Rampage  .   (no gloves)
Will    .....                   j - +0 pair of boots
Stlth   +++.......              (no amulet)
HPRegen 0.10/turn               (no ring)
MPRegen 0.11/turn               (no ring)

@: slowed, very slow
A: small, no large weapons, nightstalker 3
a: no special abilities


You were on level 2 of the Dungeon.
You visited 1 branch of the dungeon, and saw 2 of its levels.

You collected 68 gold pieces.

Inventory:

Hand Weapons
 a - a +0 short sword (weapon)
Missiles
 d - 5 boomerangs of dispersal (quivered)
Armour
 b - a +0 leather armour (worn)
 j - a +0 pair of boots (worn)
Scrolls
 c - a scroll of blinking
 e - 2 scrolls of identify {unknown}
 h - a scroll of enchant armour {unknown}
 i - a scroll of magic mapping {unknown}
Potions
 f - a potion of haste {unknown}
 g - 3 potions of heal wounds {unknown}


   Skills:
 + Level 2.5 Fighting
 + Level 3.3 Short Blades
 + Level 1.1 Throwing
 + Level 1.7 Armour
 + Level 3.4 Dodging
 + Level 2.5 Stealth
 + Level 2.3 Spellcasting
 + Level 3.2 Translocations


You had 6 spell levels left.
You knew the following spells:

 Your Spells              Type           Power      Damage    Failure   Level
a - Blink                 Tloc           N/A        N/A       12%         2

Your spell library contained the following spells:

 Spells                   Type           Power      Damage    Failure   Level
 Gell's Gravitas          Tloc           5%         N/A       24%         3
 Lesser Beckoning         Tloc           11%        N/A       24%         3
 Teleport Other           Tloc           11%        N/A       24%         3
 Dazzling Flash           Conj/Hex       2%         N/A       67%         3
 Iskenderun's Mystic Bla  Conj/Tloc      6%         2d4       83%         4
 Manifold Assault         Tloc           11%        N/A       92%         5
 Starburst                Conj/Fire      0%         6d3       100%        6


Dungeon Overview and Level Annotations

Branches:
Dungeon (2/15)

Altars:
Makhleb

Annotations:
D:2 Natasha


Innate Abilities, Weirdness & Mutations

You are small and have problems with some larger weapons.
You are completely attuned to the shadows.


Message History

Natasha glows brightly for a moment.
Natasha stares at you and mumbles some strange words.
You resist with some effort.
You closely miss Natasha. Natasha casts a spell at you.
The magic dart hits you!
You hit Natasha.
Natasha is moderately wounded.
Natasha barely misses you. Natasha closely misses you.
You hit Natasha but do no damage.
Natasha is moderately wounded.
Natasha claws you.
You closely miss Natasha.
Natasha is moderately wounded.
Natasha stares at you and mumbles some strange words.
You resist with some effort. Natasha misses you.
You hit Natasha.
Natasha is heavily wounded.
Natasha barely misses you.
You hit Natasha but do no damage.
Natasha is heavily wounded.
Natasha barely misses you.
You hit Natasha.
Natasha is heavily wounded.
Natasha claws you.
Natasha wildly gestures.
Natasha shimmers violently.
Natasha barely misses you.
You closely miss Natasha.
Natasha is heavily wounded.
Natasha closely misses you.
You hit Natasha.
Natasha is severely wounded.
Natasha casts a spell at you. The magic dart hits you. Natasha claws you.
* * * LOW HITPOINT WARNING * * *
You closely miss Natasha.
Natasha is severely wounded.
Natasha claws you!
You die...

#.....# ### #.....####.#
#..........######
#.....#.........####
#.....###....##....#####
#########..#............
#......########....# #...h..#
####.# #..@...# #..
#######......# ##.
##...##.......# #####
##........†....# #....
#......>.......# #....
#..............# #....
##..............### #####
##.................####### ##
#..........†.##.##.......####.


You could see Natasha.

Vanquished Creatures
  Natasha (twice) (D:2)
  A dart slug (D:2)
  5 ball pythons
  7 endoplasms
  3 giant cockroaches (D:1)
  3 goblins
  4 hobgoblins (D:1)
  3 jackals (D:2)
  2 kobolds
  2 quokkas (D:2)
  4 bats
  2 frilled lizards (D:1)
  4 rats (D:1)
42 creatures vanquished.

Notes
Turn   | Place    | Note
-------+----------+-------------------------------------------
     0 | D:1      | McIrco the Kobold Warper began the quest for the Orb.
     0 | D:1      | Reached XP level 1. HP: 12/12 MP: 3/3
   209 | D:1      | Reached XP level 2. HP: 18/18 MP: 5/5
   651 | D:1      | Reached skill level 1 in Armour
   651 | D:1      | Reached XP level 3. HP: 13/22 MP: 6/6
   791 | D:1      | Reached skill level 1 in Stealth
  1209 | D:1      | Found a faded altar of an unknown god.
  1298 | D:2      | Noticed Natasha
  1299 | D:2      | Found a burning altar of Makhleb.
  1626 | D:1      | Learned a level 2 spell: Blink
  2013 | D:2      | Killed Natasha
  2014 | D:2      | Reached XP level 4. HP: 21/27 MP: 7/7
  2490 | D:2      | Noticed Natasha
  2505 | D:2      | Killed Natasha
  2506 | D:2      | Reached XP level 5. HP: 7/31 MP: 8/8
  2685 | D:2      | Noticed Natasha
  2699 | D:2      | Slain by Natasha

Illustrated notes

Levels and vault maps discovered:
D:1:      mrwooster_arrival_statue, layout_loops_cross,
          hellmonk_ecumenical_altar_inner_sanctum
D:2:      layout_rooms, basic_altar, uniq_natasha

Skill      XL: |  1  2  3 |
---------------+----------+-----
Dodging        | 3 |  3.4
Armour         | 1 |  1.7
Stealth        | 2 |  2.5
Short Blades   | 3 |  3.3
Fighting       | |  2.5
Throwing       | |  1.1
Spellcasting   | |  2.3
Translocations | |  3.2

Action                   |  1- 3 |  4- 6 || total
-------------------------+-------+-------++-------
Melee: Short sword       |   148 |    46 ||   194
 Cast: Blink             |     3 |       ||     3
  Use: Potion            |     1 |       ||     1
 Stab: Sleeping          |     8 |     4 ||    12
Armor: Leather armour    |    39 |     6 ||    45
Dodge: Dodged            |   107 |    27 ||   134

Table legend: (Time is in decaauts)
 A = Elapsed time spent in this place.
 B = Non-inter-level travel time spent in this place.
 C = Inter-level travel time spent in this place.
 D = Time resting spent in this place.
 E = Time spent auto-exploring this place.
 F = Levels seen in this place.
 G = Mean time per level.
                   A        B        C        D        E       F      G
               +--------+--------+--------+--------+--------+-----+--------+
         Total |   2711 |   2644 |     67 |    617 |   1628 |   2 | 1355.5 |
       Dungeon |   2711 |   2644 |     67 |    617 |   1628 |   2 | 1355.5 |
               +--------+--------+--------+--------+--------+-----+--------+

Top non-repeatable levels by time:
     D:1: 1700 daAuts
     D:2: 1011 daAuts
